 Dungeon Crawl Stone Soup version 0.17-a0-1954-g0dddeaa (webtiles) character file.

2 4thArraOfDagon the Stinger (level 1, 0/14 HPs)
             Began as a Draconian Venom Mage on Oct 3, 2015.
             Slain by a killer bee (9 damage)
             ... on level 5 of the Dungeon.
             The game lasted 00:01:15 (219 turns).

4thArraOfDagon the Stinger (Draconian Venom Mage)    Turns: 219, Time: 00:01:15

Health: 0/14       AC:  4    Str: 10    XL:     1   Next: 33%
Magic:  3/3        EV:  7    Int: 15    God:
Gold:   12         SH:  0    Dex: 11    Spells: 1 memorised, 3 levels left

rFire  . . .     SeeInvis .     (no weapon)
rCold  . . .     Clarity  .     (armour unavailable)
rNeg   . . .     SustAt   .     (no shield)
rPois  .         Gourm    .     (helmet restricted)
rElec  .         Spirit   .     (no cloak)
rCorr  .         Warding  .     (no gloves)
rMut   .         Stasis   .     (no boots)
MR     .....                    (no amulet)
Stlth  ++........               (no ring)
                                (no ring)

@: very slightly contaminated, invisible, not resistant to hostile enchantments,
unstealthy
A: unfitting armour, cold-blooded, AC +4
a: no special abilities


You were on level 5 of the Dungeon.
You were not hungry.

You visited 1 branch of the dungeon, and saw 4 of its levels.

You collected 12 gold pieces.

Inventory:

Scrolls
 f - a scroll of identify {unknown}
 g - a scroll of magic mapping {unknown}
 h - a scroll of noise {unknown}
Potions
 e - a potion of curing
Books
 a - a Young Poisoner's Handbook

   Spells                             Type                      Level
   a - Sting                          Conjuration/Poison           1
   b - Cure Poison                    Poison                       2
   c - Mephitic Cloud                 Conjuration/Poison/Air       3
   d - Olgreb's Toxic Radiance        Poison                       4
   e - Venom Bolt                     Conjuration/Poison           5
Comestibles
 b - a bread ration
 c - 2 meat rations
 d - a beef jerky


   Skills:
 - Level 1.7 Dodging
 - Level 1.7 Stealth
 * Level 0.8 Unarmed Combat
 - Level 2.0 Spellcasting
 - Level 4.0 Poison Magic


You had 3 spell levels left.
You knew the following spells:

 Your Spells              Type           Power        Failure   Level  Hunger
a - Sting                 Conj/Pois      #...         12%         1    #......


Dungeon Overview and Level Annotations

Branches:
Dungeon (5/15)
 Temple: D:4-7

Altars:
Makhleb
Ru


Innate Abilities, Weirdness & Mutations

Your plain brown scales are hard (AC +4).
Your body does not fit into most forms of armour.
You are cold-blooded and may be slowed by cold attacks.


Message History

Unknown command.
The killer bee misses you.
Unknown command.
The killer bee misses you.
Unknown command.
The killer bee barely misses you.
Unknown command.
The killer bee barely misses you. The killer bee barely misses you.
The killer bee barely misses you.
The killer bee stings you but does no damage.
The killer bee completely misses you. The killer bee barely misses you.
The killer bee misses you.
The killer bee stings you but does no damage.
The killer bee stings you but does no damage.
There is a stone staircase leading down here.
The killer bee stings you!
Ouch! That really hurt!
You die...

#.....##.........
#................
#................
..................# .
##...............##.
#................(..
#........##.........
##...y....# ......
#<..@.....# ##......
#...##....# #.......
#....####.(####.######
.......#
##...#.....#..
#.....## #.....###.#..
##....# #.†...# #.#..
#.....### #....##
#.'.. ##...... #....#
###.. ..... #.....# ..


You could see a killer bee.

Vanquished Creatures
  A giant gecko (D:5)
  A kobold (D:1)
2 creatures vanquished.

Notes
Turn   | Place    | Note
--------------------------------------------------------------
     0 | D:1      | 4thArraOfDagon the Draconian Venom Mage began the quest for the Orb.
     0 | D:1      | Reached XP level 1. HP: 14/14 MP: 3/3
   118 | D:2      | Found a burning altar of Makhleb.
   119 | D:2      | You fall through a shaft for 2 floors!
   125 | D:4      | Found a sacrificial altar of Ru.
   138 | D:4      | Noticed a crimson imp
   154 | D:5      | Entered Level 5 of the Dungeon
   154 | D:5      | Noticed a crimson imp
   201 | D:5      | Noticed a killer bee
   219 | D:5      | Slain by a killer bee

Vault maps used:
D:1:      mainiacjoe_arrival_reflecting_pool, minmay_misc_feat_chi
D:2:      old_standard_altar, bloody_makhleb, uniq_robin
D:4:      lemuel_crystal_altar, uniq_natasha
D:5:      nicolae_gozag_cash_rules_everything_around_me,
          minmay_temple_entry_from_below_b, first_bread,
          kennysheep_generic_room_8

Action                   || total
-------------------------++-------
Melee: Unarmed           ||    10
 Cast: Sting             ||     2
  Use: Potion            ||     2
 Stab: Sleeping          ||     1
